 Dungeon Crawl Stone Soup version 0.32-a0-12-g7fc57aa741 (webtiles) character file.

Game seed: 15840694275137474379

78 hikkokomori the Thaumaturge (level 4, -7/34 HPs)
             Began as a Gnoll Wanderer on Jan 15, 2024.
             Killed from afar by an orc wizard (8 damage)
             ... with a puff of flame
             ... on level 3 of the Dungeon.
             The game lasted 00:06:13 (2434 turns).

hikkokomori the Thaumaturge (Gnoll Wanderer)        Turns: 2434, Time: 00:06:16

Health: -7/34      AC:  3    Str: 11    XL:     4   Next: 36%
Magic:  1/15       EV: 12    Int: 13    God:
Gold:   36         SH:  0    Dex: 12    Spells: 19/21 levels left

rFire   . . .        a - +1 dagger
rCold   . . .        c - +0 buckler
rNeg    . . .        e - +0 leather armour
rPois   .            (no helmet)
rElec   .            (no cloak)
rCorr   .            (no gloves)
SInv    .            (no boots)
Will    .....        (no amulet)
Stlth   +            (no ring)
HPRegen 0.25/turn    (no ring)
MPRegen 0.14/turn

%: no passive effects
@: confused, very slightly contaminated, hasted, very quick
A: fangs 1, strong nose, distributed training
a: no special abilities


You were on level 3 of the Dungeon.
You visited 1 branch of the dungeon, and saw 3 of its levels.

You collected 36 gold pieces.

Inventory:

Hand Weapons
 a - a +1 dagger (weapon)
Missiles
 b - a throwing net
Armour
 c - a +0 buckler (worn)
 e - a +0 leather armour (worn)
 f - a +0 chain mail
Scrolls
 d - a scroll of fear
 g - 2 scrolls of enchant weapon
 j - 2 scrolls of teleportation {unknown}
 k - a scroll of fog {unknown}
 l - 3 scrolls of identify {unknown}
 m - a scroll of immolation {unknown}
Potions
 h - a potion of lignification


   Skills:
 + Level 2.8 Fighting
 + Level 1.2 Short Blades
 + Level 1.2 Long Blades
 + Level 1.2 Axes
 + Level 1.2 Maces & Flails
 + Level 1.2 Polearms
 + Level 1.2 Staves
 + Level 1.2 Ranged Weapons
 + Level 1.2 Throwing
 + Level 2.8 Armour
 + Level 4.6 Dodging
 + Level 1.2 Stealth
 + Level 4.6 Shields
 + Level 1.2 Unarmed Combat
 + Level 9.3 Spellcasting
 + Level 1.0 Conjurations
 + Level 1.0 Hexes
 + Level 1.0 Summonings
 + Level 1.0 Necromancy
 + Level 1.0 Translocations
 + Level 1.0 Fire Magic
 + Level 1.0 Ice Magic
 + Level 1.0 Air Magic
 + Level 1.0 Earth Magic
 + Level 1.0 Alchemy
 + Level 1.3 Invocations
 + Level 1.2 Evocations
 + Level 1.1 Shapeshifting


You had 19 spell levels left.
You knew the following spells:

 Your Spells              Type           Power      Damage    Failure   Level
a - Freeze                Ice            32%        1d5       14%         1
b - Sandblast             Erth           16%        2d6       14%         1

Your spell library contained the following spells:

 Spells                   Type           Power      Damage    Failure   Level
 Hailstorm                Conj/Ice       8%         3d5       38%         3
 Passwall                 Erth           8%         N/A       38%         3
 Stone Arrow              Conj/Erth      16%        3d8       38%         3
 Brom's Barrelling Bould  Conj/Erth      8%         2d3       80%         4


Dungeon Overview and Level Annotations

Branches:
Dungeon (3/15)

Altars:
Dithmenos

Shops:
D:2 *


Innate Abilities, Weirdness & Mutations

You have very sharp teeth.
Your uncanny sense of smell can sniff out nearby items.
Your experience applies equally to all skills.


Message History

You hear some strange, mumbled words.
Something tries to affect you, but you resist.
You miss something. You miss something.
You hear some strange, mumbled words.
A puff of flame appears from out of thin air!
The puff of flame hits you but does no damage.
You miss something. You block something's attack.
You hit something.
Casting: Sandblast (safe; 11% risk of failure)
Confirm with . or Enter, or press ? or * to list all spells.
Aiming: Sandblast (safe; 11% risk of failure)
Press: ? - help, Shift-Dir - straight line The blast of sand hits something.
You block something's attack.
Unknown command.
You barely miss something. Something hits you but does no damage.
You barely miss something. Something hits you but does no damage.
You hit something but do no damage. You hit something.
You hear some strange, mumbled words.
A puff of flame appears from out of thin air!
The puff of flame hits you.
* * * LOW HITPOINT WARNING * * *
Unknown command.
You aren't carrying any items that you can evoke.
Okay, then.
As you read the scroll labelled XUINEO XEYJ, it crumbles to dust.
It is a scroll of enchant weapon.
Your +0 dagger glows red for a moment.
You hear some strange, mumbled words.
You are confused.
Unknown command.
You swing at nothing.
You nearly hit yourself!
You feel less wooden.
Your +0 leather armour unmelds from your body.
You hear some strange, mumbled words.
A puff of flame appears from out of thin air!
The puff of flame hits you!
You die...

#### ..# #######
#######.# #.....#
##
........###.....#
#.
................#
#.
................#
##.
#...@).......#
#..
####{###.....#
#.. #)# #.....#
#.. .o....).#
#.....#######.
o..o....#
#.............
....o...#
#.............
.....##.#
#.............
..... ..#
#.............
##+# ###
####..........


There were no monsters in sight!

Vanquished Creatures
  An adder (D:2)
  A ribbon worm (D:3)
  6 orcs (D:3)
  5 ball pythons
  2 endoplasms (D:2)
  4 giant cockroaches
  2 goblins (D:1)
  A hobgoblin (D:1)
  5 jackals (D:1)
  5 kobolds
  3 quokkas
  11 bats
  6 frilled lizards (D:1)
  5 rats
57 creatures vanquished.

Notes
Turn   | Place    | Note
-------+----------+-------------------------------------------
     0 | D:1      | Reached skill level 9 in Spellcasting
     0 | D:1      | hikkokomori the Gnoll Wanderer began the quest for the Orb.
     0 | D:1      | hikkokomori set off with the following items: a +0 dagger,
                  | 2 throwing nets, a +0 buckler, a scroll of fear, a +0
                  | leather armour; and the following spell memorised: Freeze;
                  | and the following spells available to memorise: Hailstorm.
     0 | D:1      | Reached XP level 1. HP: 17/17 MP: 10/10
   166 | D:1      | Reached XP level 2. HP: 20/23 MP: 12/12
   463 | D:1      | Reached XP level 3. HP: 28/28 MP: 13/13
   794 | D:1      | Reached skill level 1 in Invocations
   912 | D:1      | Found a faded altar of an unknown god.
  1436 | D:2      | Reached skill level 1 in Short Blades
  1436 | D:2      | Reached skill level 1 in Long Blades
  1436 | D:2      | Reached skill level 1 in Axes
  1436 | D:2      | Reached skill level 1 in Maces & Flails
  1436 | D:2      | Reached skill level 1 in Polearms
  1436 | D:2      | Reached skill level 1 in Staves
  1436 | D:2      | Reached skill level 1 in Ranged Weapons
  1436 | D:2      | Reached skill level 1 in Throwing
  1436 | D:2      | Reached skill level 1 in Stealth
  1436 | D:2      | Reached skill level 1 in Unarmed Combat
  1436 | D:2      | Reached skill level 1 in Evocations
  1545 | D:2      | Reached skill level 1 in Shapeshifting
  1545 | D:2      | Reached XP level 4. HP: 29/34 MP: 15/15
  1596 | D:2      | Found Ucy Daka's General Store.
  1601 | D:2      | Found a shadowy altar of Dithmenos.
  1750 | D:3      | Found a shadowy altar of Dithmenos.
  2364 | D:3      | Learned a level 1 spell: Sandblast
  2406 | D:3      | HP: 1/51 [orc wizard/magic dart (8)]
  2409 | D:3      | Reached skill level 1 in Conjurations
  2409 | D:3      | Reached skill level 1 in Hexes
  2409 | D:3      | Reached skill level 1 in Summonings
  2409 | D:3      | Reached skill level 1 in Necromancy
  2409 | D:3      | Reached skill level 1 in Translocations
  2409 | D:3      | Reached skill level 1 in Fire Magic
  2409 | D:3      | Reached skill level 1 in Ice Magic
  2409 | D:3      | Reached skill level 1 in Air Magic
  2409 | D:3      | Reached skill level 1 in Earth Magic
  2409 | D:3      | Reached skill level 1 in Alchemy
  2431 | D:3      | HP: 1/51 [something/puff of flame (6)]
  2434 | D:3      | Killed from afar by an orc wizard

Illustrated notes

Levels and vault maps discovered:
D:1:      psy_arrival_conway, layout_loops_corners,
          ebering_ecumenical_altar_sacrificial
D:2:      layout_basic, serial_shops, shop, basic_altar
D:3:      layout_basic, nicolae_dithmenos_through_a_glass_darkly,
          chequers_avenue

Skill      XL: |  1  2  3  4 |
---------------+-------------+-----
Spellcasting   | |  9.3
Invocations    | 1 |  1.3
Short Blades   | 1 |  1.2
Long Blades    | 1 |  1.2
Axes           | 1 |  1.2
Maces & Flails | 1 |  1.2
Polearms       | 1 |  1.2
Staves         | 1 |  1.2
Ranged Weapons | 1 |  1.2
Throwing       | 1 |  1.2
Stealth        | 1 |  1.2
Unarmed Combat | 1 |  1.2
Evocations     | 1 |  1.2
Shapeshifting  | 1 |  1.1
Conjurations   | 1 |  1.0
Hexes          | 1 |  1.0
Summonings     | 1 |  1.0
Necromancy     | 1 |  1.0
Translocations | 1 |  1.0
Fire Magic     | 1 |  1.0
Ice Magic      | 1 |  1.0
Air Magic      | 1 |  1.0
Earth Magic    | 1 |  1.0
Alchemy        | 1 |  1.0
Fighting       | |  2.8
Armour         | |  2.8
Dodging        | |  4.6
Shields        | |  4.6

Action                     |  1- 3 |  4- 6 || total
---------------------------+-------+-------++-------
  Melee: Dagger            |   232 |    88 ||   320
         Bite              |    15 |    16 ||    31
  Throw: Throwing net      |     1 |       ||     1
   Cast: Sandblast         |       |    13 ||    13
         Freeze            |       |    12 ||    12
    Use: Scroll            |       |     2 ||     2
         Potion            |       |     2 ||     2
   Stab: Sleeping          |     2 |       ||     2
 Armour: Leather armour    |   114 |    61 ||   175
         Skin              |       |    22 ||    22
  Dodge: Dodged            |   146 |    70 ||   216
  Block: Buckler           |    72 |    30 ||   102

Table legend: (Time is in decaauts)
 A = Elapsed time spent in this place.
 B = Non-inter-level travel time spent in this place.
 C = Inter-level travel time spent in this place.
 D = Time resting spent in this place.
 E = Time spent auto-exploring this place.
 F = Levels seen in this place.
 G = Mean time per level.
                   A        B        C        D        E       F      G
               +--------+--------+--------+--------+--------+-----+--------+
         Total |   2441 |   2408 |     33 |    376 |   1288 |   3 |  813.7 |
       Dungeon |   2441 |   2408 |     33 |    376 |   1288 |   3 |  813.7 |
               +--------+--------+--------+--------+--------+-----+--------+

Top non-repeatable levels by time:
     D:1: 1257 daAuts
     D:3: 759 daAuts
     D:2: 424 daAuts
